Map: Cyber Forest LE

Players

NubieNoob

  • Race: Terran Terran
  • League: Diamond
  • Spawn Location: 5:00

Cynicusme - Winner!

  • Race: Zerg Zerg
  • League: Diamond
  • Spawn Location: 11:00

VOD

Have the link to the VOD?

Description

Time

  • Played on: May 30, 2019, 12:08 a.m.
  • Length: 4:36
Show
View Real Time Build Order
Export as new Build Order

NubieNoob Terran 

Build Orders:  

Get SALT Encoding   

  12  0:00  SCV  
  13  0:13  SCV  
  14  0:19  Supply Depot  
  14  0:25  SCV  
  15  0:42  Barracks  
  15  0:45  SCV  
  16  0:58  Barracks  
  16  0:59  SCV  
  17  1:14  Barracks  
  17  1:17  SCV  
  18  1:27  Supply Depot  
  18  1:34  SCV  
  19  1:40  Barracks  
  19  1:43  Marine  
  20  1:58  Supply Depot  
  20  2:01  Marine  
  20  2:04  Marine  
  22  2:16  Marine  
  22  2:19  Marine  
  22  2:21  Marine  
  25  2:34  Marine  
  26  2:37  Marine  
  26  2:40  Supply Depot  
  26  2:41  Marine, SCV  
  29  2:45  Marine  
  30  2:52  Marine  
  30  2:53  SCV  
  30  2:54  Marine  
  33  2:59  Marine  
  33  3:03  Marine  
  35  3:10  Marine  
  35  3:12  Marine  
  32  3:24  Marine x2  
  32  3:28  Marine  
  32  3:30  Marine  
  32  3:33  SCV  
  35  3:41  Barracks  
  35  3:42  Marine x2  
  35  3:46  Marine  
  35  3:48  Marine  
  38  3:51  Supply Depot  
  38  4:00  Marine  
  28  4:03  Marine x2  
  28  4:06  Marine  
Show
View Real Time Build Order
Export as new Build Order

Cynicusme Zerg - Winner!

Build Orders: Pool First 

Get SALT Encoding   

  12  0:02  Drone  
  13  0:17  Overlord  
  13  0:21  Drone  
  14  0:39  Drone  
  14  0:40  Drone x2  
  17  0:48  Spawning Pool  
  16  0:54  Drone  
  17  1:13  Hatchery  
  17  1:15  Drone  
  17  1:19  Drone  
  17  1:25  Drone  
  19  1:29  Extractor  
  18  1:39  Queen  
  18  1:42  Overlord  
  18  1:45  Drone  
  21  2:01  Zergling x2  
  22  2:06  Zergling x2  
  23  2:20  Zergling x2  
  24  2:27  Spine Crawler  
  24  2:28  Queen  
  25  2:30  Zergling x4  
  25  2:33  Metabolic Boost  
  27  2:39  Spine Crawler, Zergling x2  
  27  2:40  Zergling x2  
  28  2:48  Overlord  
  28  2:49  Zergling x2  
  19  3:23  Zergling x8  
  19  3:24  Zergling x4  
  23  3:32  Queen  
  25  3:35  Zergling x6  
  28  3:51  Zergling x6  
  26  4:17  Drone x3  
  26  4:18  Drone x3  
Tags
 
Add a new tag
Caveats
  • Supply blocks, unpowered buildings, or Contaminate may cause inaccurate times.
  • Supply counts are checked every 10 seconds.